 Dungeon Crawl Stone Soup version 0.15.2 (webtiles) character file.

4053 kae the Martial Artist (level 10, -5/71 HPs)
             Began as a Pale Draconian Transmuter on Jan 26, 2015.
             Was a Believer of Sif Muna.
             Slain by a gnoll sergeant
             ... wielding a +0 trident
              (7 damage)
             ... on Level 8 of the Dungeon.
             The game lasted 00:14:38 (11289 turns).

kae the Martial Artist (Pale Draconian Transmuter) Turns: 11289, Time: 00:14:38

HP  -5/71        AC  7     Str 13      XL: 10   Next:  4%
MP  11/16        EV 17     Int 13      God: Sif Muna [**....]
Gold 423         SH  0     Dex 15      Spells:  4 memorised,  2 levels left

rFire  . . .     SeeInvis .       - Unarmed
rCold  . . .     Clarity  .     (armour unavailable)
rNeg   . . .     rCorr    .     (shield currently unavailable)
rPois  +         rRot     .     (helmet restricted)
rElec  .         Spirit   .     (no cloak)
SustAb .         Warding  .     (gloves currently unavailable)
rMut   .         Stasis   .     (no boots)
Gourm  .                        (no amulet)
MR     .....                    n - ring of poison resistance
                                e - +5 ring of evasion

@: blade hands (expiring), not resistant to hostile enchantments, very
unstealthy
A: breathe steam, unfitting armour, cold-blooded, AC +7
a: Breathe Steam, End Transformation, Channel Energy, Forget Spell, Renounce
Religion


You were on level 8 of the Dungeon.
You worshipped Sif Muna.
Sif Muna was pleased with you.
You were not hungry.
Your hands were blades.
You visited 2 branches of the dungeon, and saw 9 of its levels.

You collected 423 gold pieces.

Inventory:

Missiles
 b - 128 arrows
Magical devices
 y - a wand of magic darts (18)
 C - a wand of polymorph (13) {unknown}
 E - a wand of slowing (7)
 F - a wand of fireball (2) {unknown}
Comestibles
 a - 5 bread rations
 j - 3 meat rations
 u - a chunk of orc flesh
 x - 3 beef jerkies
 z - a fruit
Scrolls
 c - 7 scrolls of remove curse
 f - a scroll of random uselessness
 h - 7 scrolls of identify
 l - 2 scrolls of fog
 o - 3 scrolls of teleportation
 s - a scroll of magic mapping
 v - a scroll of amnesia
 B - a scroll of recharging
Jewellery
 e - a +5 ring of evasion (left scythe-like blade)
 g - an uncursed ring of flight
 n - a ring of poison resistance (right scythe-like blade)
 t - an uncursed ring of stealth
Potions
 i - 4 potions of brilliance
 k - a potion of lignification
 m - a potion of confusion {unknown}
 p - a potion of invisibility {unknown}
 q - 2 potions of might {unknown}
 r - 3 potions of poison {unknown}
 w - 2 potions of agility {unknown}
 A - 2 potions of haste {unknown}
 D - a potion of cancellation {unknown}
Books
 d - a book of Changes

   Spells                             Type                      Level
   *Beastly Appendage                 Transmutation                1
   *Sticks to Snakes                  Transmutation                2
   *Spider Form                       Transmutation/Poison         3
   Ice Form                           Ice/Transmutation            4
   *Blade Hands                       Transmutation                5


   Skills:
 - Level 1.1 Fighting
 - Level 1.7 Dodging
 * Level 12.0 Unarmed Combat
 - Level 2.0 Spellcasting
 + Level 8.7 Transmutations


You had 2 spell levels left.
You knew the following spells:

 Your Spells              Type           Power        Failure   Level  Hunger
a - Beastly Appendage     Trmt           ###...       14%         1    ##.....
b - Sticks to Snakes      Trmt           ###.......   17%         2    ###....
c - Spider Form           Trmt/Pois      ##........   54%         3    ####...
d - Blade Hands           Trmt           ###.......   63%         5    ######.


Dungeon Overview and Level Annotations

Branches:
Dungeon (8/15)             Temple (1/1) D:4
   Lair: D:8-11

Altars:
Ashenzari
Cheibriados
Dithmenos
Elyvilon
Fedhas
Kikubaaqudgha
Makhleb
Nemelex Xobeh
Qazlal
Sif Muna
Vehumet
Xom
Yredelemnul
Zin
The Shining One


Innate Abilities, Weirdness & Mutations

You can breathe blasts of scalding steam.
Your pale cyan-grey scales are hard (AC +7).
Your body does not fit into most forms of armour.
Your cold-blooded metabolism reacts poorly to cold.


Message History

The worker ant closely misses you.
You slice the worker ant!!
You kill the worker ant!
You are too injured to fight recklessly!
You are too injured to fight recklessly!
You slash the two-headed ogre! You slash the two-headed ogre.
The two-headed ogre is heavily wounded.
You slash the two-headed ogre!
The two-headed ogre is almost dead.
The two-headed ogre hits you with a giant club!!
* * * LOW HITPOINT WARNING * * *
The two-headed ogre barely misses you.
You slash the two-headed ogre!
You kill the two-headed ogre!
You can now freely open your mind to new spells.
Your Unarmed Combat skill increases to level 12!
You have reached level 10!
The gnoll sergeant barely misses you.
The gnoll sergeant hits you with a trident!
You die...

.......#
##...............## ###
.......#
#......(.......## ##...
....####
##..............###....
.####
#...........##........
##
###...g....#####g.%...
###....g## #.......
#.#..## #........
######### #g####
#.......?. ........#
#@# #.........
#######.# #.#
#......... ≈≈≈# #.#
##.# ..........
...####.# #.)#
.......... ....._#.#
#.## ..... ...####.#
#.# . ≈≈≈# #.# #.# ..
#######.# ##)# ..
........# #..#### ..


You could see a gnoll sergeant and a gnoll (wandering).

Vanquished Creatures
  2 two-headed ogres
  Eustachio (D:7)
  A hippogriff (D:5)
  Edmund (D:7)
  A water moccasin (D:7)
  3 orc warriors
  4 sky beasts
  An ice beast (D:8)
  Duvessa (D:6)
  3 centaurs
  3 ogres
  7 giant frogs
  4 jellies (D:5)
  3 wights (D:6)
  A hippogriff skeleton (D:7)
  2 crimson imps (D:7)
  2 hounds (D:4)
  Dowan (D:6)
  A quasit (D:8)
  An iron imp (D:7)
  4 orc priests
  A black bear zombie (D:6)
  A gnoll shaman (D:5)
  6 orc wizards
  6 worker ants
  An iguana (D:4)
  2 hound skeletons
  20 adders
  6 gnolls (D:5)
  A green rat (D:7)
  3 shadow imps (D:5)
  2 white imps (D:7)
  2 worms (D:2)
  An orc skeleton (D:7)
  10 giant geckos
  2 oozes
  27 orcs
  2 bat zombies (D:8)
  13 giant cockroaches
  18 hobgoblins
  10 jackals
  14 kobolds
  3 quokkas
  13 bats
  3 giant newts
  2 gnoll zombies (D:5)
  16 goblins
  A jackal skeleton (D:7)
  A kobold zombie (D:5)
  15 rats
  2 rat zombies
251 creatures vanquished.

Notes
Turn   | Place    | Note
--------------------------------------------------------------
     0 | D:1      | kae, the Draconian Transmuter, began the quest for the Orb.
     0 | D:1      | Reached XP level 1. HP: 16/16 MP: 3/3
   245 | D:1      | Reached XP level 2. HP: 20/23 MP: 2/4
  1145 | D:2      | Reached XP level 3. HP: 28/28 MP: 6/6
  1232 | D:2      | Found a radiant altar of Vehumet.
  1257 | D:2      | Reached skill level 4 in Unarmed Combat
  1493 | D:2      | Reached XP level 4. HP: 21/35 MP: 7/7
  2675 | D:3      | Reached XP level 5. HP: 40/40 MP: 9/9
  2694 | D:3      | Learned a level 2 spell: Sticks to Snakes
  2698 | D:3      | Learned a level 3 spell: Spider Form
  2845 | D:3      | Reached skill level 5 in Unarmed Combat
  3399 | D:4      | Found a sparkling altar of Nemelex Xobeh.
  3426 | D:4      | Reached XP level 6. HP: 44/47 MP: 8/10
  3547 | D:4      | Noticed a sky beast
  3570 | D:4      | Killed a sky beast
  3570 | D:4      | Reached skill level 6 in Unarmed Combat
  4287 | D:4      | Found a staircase to the Ecumenical Temple.
  4339 | Temple   | Entered the Ecumenical Temple
  4408 | Temple   | Became a worshipper of Sif Muna the Loreminder
  4689 | D:5      | Entered Level 5 of the Dungeon
  4699 | D:4      | Reached skill level 5 in Transmutations
  4699 | D:4      | Your scales start fading to a pale cyan-grey colour.
  4699 | D:4      | Reached XP level 7. HP: 42/52 MP: 8/12
  5008 | D:5      | Reached skill level 7 in Unarmed Combat
  5109 | D:5      | Noticed a hippogriff
  5123 | D:5      | Killed a hippogriff
  5815 | D:5      | Reached skill level 8 in Unarmed Combat
  5815 | D:5      | Reached XP level 8. HP: 59/59 MP: 11/13
  6804 | D:5      | Reached skill level 9 in Unarmed Combat
  7326 | D:6      | Acquired Sif Muna's first power
  7517 | D:6      | Noticed Dowan
  7518 | D:6      | Noticed Duvessa
  7553 | D:6      | Learned a level 5 spell: Blade Hands
  7558 | D:6      | Killed Dowan
  7650 | D:6      | Killed Duvessa
  7980 | D:5      | Reached skill level 10 in Unarmed Combat
  7980 | D:5      | Reached XP level 9. HP: 21/64 MP: 14/14
  8733 | D:6      | Noticed a two-headed ogre
  8741 | D:6      | Killed a two-headed ogre
  8867 | D:7      | Found a white marble altar of Elyvilon.
  9417 | D:7      | Found a glowing golden altar of the Shining One.
  9479 | D:7      | Reached skill level 11 in Unarmed Combat
  9676 | D:7      | Found a blossoming altar of Fedhas.
  9677 | D:7      | Found a stormy altar of Qazlal.
  9697 | D:7      | Noticed Eustachio
  9760 | D:7      | Killed Eustachio
 10045 | D:7      | Noticed Edmund
 10050 | D:7      | Killed Edmund
 10517 | D:8      | Found an ancient bone altar of Kikubaaqudgha.
 10981 | D:8      | Found a burning altar of Makhleb.
 11287 | D:8      | HP: 2/64 [two-headed ogre/giant club (18)]
 11288 | D:8      | Acquired Sif Muna's second power
 11288 | D:8      | Reached skill level 12 in Unarmed Combat
 11288 | D:8      | Reached XP level 10. HP: 2/71 MP: 10/16
 11289 | D:8      | Slain by a gnoll sergeant

Action                   |  1- 3 |  4- 6 |  7- 9 | 10-12 || total
-------------------------+-------+-------+-------+-------++-------
Melee: Unarmed           |   153 |   282 |   537 |       ||   972
 Cast: Beastly Appendage |    11 |    18 |    34 |       ||    63
       Spider Form       |       |     1 |    11 |       ||    12
       Blade Hands       |       |       |     5 |       ||     5
Evoke: Wand              |       |     1 |       |       ||     1
  Use: Potion            |     1 |       |       |       ||     1
       Scroll            |       |    13 |     3 |       ||    16
 Stab: Sleeping          |     1 |     1 |       |       ||     2
  Eat: Chunk             |     2 |    10 |    20 |       ||    32
       Fruit             |       |       |     3 |       ||     3
       Bread ration      |       |       |     1 |       ||     1
